General information
- name: BNet
- type: Ladder team game (AT/RT)
- host: Battle.net
- saver: highperches
map: Friends
- players: 8
- length: 85:44
- speed: Fast
- version: 1.21 W3XP
- replay type: Public
» download(772 KB)
Players
team 1 (loser)
Ecthelion-C (
red | 66 APM | 5602 actions | 85:17)
6 Demon Hunter
3 Mana Burn
2 Evasion
1 Metamorphosis
4 Keeper of the Grove
2 Entangling Roots
2 Thorns Aura
» actions
| Assign group hotkey | 44 | |
| Basic commands | 11 | |
| Build / train | 146 | |
| Enter build submenu | 22 | |
| Enter hero's abilities submenu | 10 | |
| Give item / drop item | 1 | |
| Remove unit from queue | 2 | |
| Right click | 2272 | |
| Select / deselect | 902 | |
| Select group hotkey | 1968 | |
| Use ability | 224 | |
5602 total
» units
| Wisp | 11 | |
| Huntress | 10 | |
| Druid of the Claw | 25 | |
| Dryad | 1 | |
| Hippogryph | 10 | |
| Glaive Thrower | 35 | |
92 total
» upgrades
| Druid of the Claw Training | 2 | |
| Reinforced Hides | 3 | |
| Strength of the Wild | 3 | |
| Mark of the Claw | 1 | |
| Abolish Magic | 2 | |
| Vorpal Blades | 1 | |
12 total
» buildings
| Altar of Elders | 1 | |
| Moon Well | 11 | |
| Ancient of War | 1 | |
| Hunter's Hall | 1 | |
| Tree of Ages | 1 | |
| Ancient Protector | 1 | |
| Tree of Eternity | 1 | |
| Ancient of Lore | 2 | |
| Ancient of Wind | 1 | |
| Ancient of Wonders | 1 | |
| Tree of Life | 1 | |
22 total
» build order
00:11 Altar of Elders
00:22 Moon Well
01:02 Ancient of War
01:39 Hunter's Hall
02:09 Moon Well
04:00 Tree of Ages
04:23 Moon Well
04:44 Ancient Protector
06:55 Tree of Eternity
06:58 Ancient of Lore
07:02 Ancient of Lore
10:54 Moon Well
14:02 Moon Well
14:06 Moon Well
14:15 Moon Well
15:20 Ancient of Wind
16:46 Moon Well
17:02 Ancient of Wonders
17:45 Moon Well
35:20 Moon Well
37:19 Moon Well
84:14 Tree of Life
» items
| Potion of Healing | 9 | |
| Scroll of Speed | 1 | |
| Orb of Lightning | 2 | |
| Scroll of Town Portal | 6 | |
| Staff of Preservation | 1 | |
| Lesser Clarity Potion | 2 | |
| Healing Salve | 1 | |
22 total
Jpv (
yellow | 81 APM | 6945 actions | 85:42)
8 Tauren Chieftain
3 Endurance Aura
3 Shockwave
1 Reincarnation
1 War Stomp
1 Goblin Tinker
1 Cluster Rockets
» actions
| Assign group hotkey | 3 | |
| Basic commands | 50 | |
| Build / train | 253 | |
| Enter build submenu | 70 | |
| Enter hero's abilities submenu | 9 | |
| Give item / drop item | 8 | |
| Remove unit from queue | 21 | |
| Right click | 3982 | |
| Select / deselect | 2337 | |
| Select group hotkey | 8 | |
| Use ability | 203 | |
6945 total
» units
| Peon | 21 | |
| Troll Headhunter/Berserker | 6 | |
| Demolisher | 59 | |
| Wind Rider | 3 | |
| Troll Batrider | 88 | |
| Kodo Beast | -1 | |
176 total
» upgrades
| Ranged Weapons | 3 | |
| Liquid Fire | 1 | |
| Burning Oil | 1 | |
| Envenomed Spears | 1 | |
| Berserker Upgrade | 0 | |
| Armor | 3 | |
| Spiked Barricades | 3 | |
| Reinforced Defenses | 1 | |
13 total
» buildings
| Altar of Storms | 1 | |
| Orc Burrow | 9 | |
| War Mill | 4 | |
| Barracks | 1 | |
| Stronghold | 1 | |
| Watch Tower | 42 | |
| Beastiary | 1 | |
| Voodoo Lounge | 2 | |
| Fortress | 4 | |
| Great Hall | 2 | |
67 total
» build order
00:06 Altar of Storms
00:19 Orc Burrow
00:38 War Mill
01:10 Barracks
01:48 Orc Burrow
04:03 Stronghold
04:17 Watch Tower
04:39 Watch Tower
05:37 Watch Tower
05:52 Watch Tower
07:03 Beastiary
07:14 Orc Burrow
08:19 Watch Tower
09:25 Orc Burrow
09:34 War Mill
10:03 Voodoo Lounge
10:45 Orc Burrow
11:39 Orc Burrow
12:36 Watch Tower
15:28 Orc Burrow
16:35 Fortress
16:36 Fortress
16:36 Fortress
24:51 Great Hall
27:05 Orc Burrow
30:42 Watch Tower
30:45 Watch Tower
31:01 Watch Tower
31:03 Watch Tower
31:05 Watch Tower
31:09 Watch Tower
31:11 Watch Tower
31:20 War Mill
32:33 Watch Tower
32:35 Watch Tower
35:08 Orc Burrow
35:16 Watch Tower
38:04 Watch Tower
38:09 Watch Tower
38:12 Watch Tower
41:01 Watch Tower
41:04 Watch Tower
41:17 Watch Tower
41:19 Watch Tower
41:35 Watch Tower
42:14 Watch Tower
42:18 Watch Tower
42:20 Watch Tower
42:25 Watch Tower
45:01 Watch Tower
45:02 Watch Tower
45:11 Watch Tower
59:57 Great Hall
61:16 War Mill
61:48 Watch Tower
61:50 Watch Tower
72:01 Voodoo Lounge
78:56 Watch Tower
78:57 Watch Tower
79:00 Watch Tower
79:03 Watch Tower
83:23 Watch Tower
83:25 Watch Tower
83:28 Watch Tower
85:20 Watch Tower
85:25 Watch Tower
» items
| Scroll of Town Portal | 5 | |
| Healing Salve | 3 | |
| Lesser Clarity Potion | 1 | |
| Potion of Healing | 9 | |
| Potion of Mana | 3 | |
| Orb of Lightning | 1 | |
| The Lion Horn of Stormwind | 1 | |
| Scourge Bone Chimes | 1 | |
| Potion of Restoration | 2 | |
| Book of the Dead | 1 | |
| Alleria's Flute of Accuracy | 1 | |
| Health Stone | 1 | |
| Belt of Giant Strength +6 | 1 | |
| Ankh of Reincarnation | 1 | |
| Scroll of Animate Dead | 1 | |
32 total
Mu311sch1uck1 (
pink | 113 APM | 9650 actions | 85:22)
8 Archmage
3 Summon Water Elemental
3 Brilliance Aura
1 Mass Teleport
1 Blizzard
7 Paladin
3 Holy Light
2 Devotion Aura
1 Resurrection
1 Divine Shield
7 Mountain King
3 Storm Bolt
3 Bash
1 Avatar
» actions
| Assign group hotkey | 78 | |
| Basic commands | 85 | |
| Build / train | 203 | |
| ESC pressed | 13 | |
| Enter build submenu | 36 | |
| Enter hero's abilities submenu | 23 | |
| Give item / drop item | 3 | |
| Right click | 5243 | |
| Select / deselect | 1221 | |
| Select group hotkey | 2451 | |
| Use ability | 294 | |
9650 total
» units
| Peasant | 26 | |
| Footman | 18 | |
| Gryphon Rider | 45 | |
| Goblin Shredder | 1 | |
| Siege Engine | 34 | |
| Knight | 4 | |
| Goblin Sapper | 13 | |
141 total
» upgrades
| Defend | 1 | |
| Storm Hammers | 1 | |
| Barrage | 1 | |
| Gunpowder | 3 | |
| Armor | 3 | |
| Swords | 3 | |
| Plating | 3 | |
| Animal War Training | 1 | |
| Fragmentation Shards | 1 | |
| Flare | 1 | |
| Flying Machine Bombs | 1 | |
| Flak Cannons | 1 | |
20 total
» buildings
| Altar of Kings | 1 | |
| Barracks | 2 | |
| Farm | 19 | |
| Scout Tower | 6 | |
| Arcane Tower | 1 | |
| Keep | 1 | |
| Lumber Mill | 1 | |
| Castle | 1 | |
| Gryphon Aviary | 2 | |
| Arcane Vault | 1 | |
| Town Hall | 3 | |
| Guard Tower | 5 | |
| Blacksmith | 1 | |
| Workshop | 2 | |
46 total
» build order
00:12 Altar of Kings
00:23 Barracks
00:37 Farm
01:05 Farm
01:54 Farm
02:24 Barracks
03:07 Farm
04:22 Scout Tower
04:26 Farm
04:55 Arcane Tower
06:40 Farm
06:42 Keep
09:11 Lumber Mill
10:13 Castle
10:31 Gryphon Aviary
10:41 Gryphon Aviary
11:30 Farm
12:03 Arcane Vault
13:06 Farm
13:07 Farm
13:12 Scout Tower
13:14 Scout Tower
14:39 Scout Tower
14:41 Scout Tower
14:44 Scout Tower
15:15 Town Hall
15:35 Guard Tower
15:36 Guard Tower
15:49 Guard Tower
16:18 Guard Tower
16:22 Guard Tower
18:41 Farm
18:43 Farm
18:43 Farm
18:44 Farm
18:44 Farm
19:45 Blacksmith
21:16 Workshop
21:53 Workshop
23:38 Town Hall
43:04 Town Hall
71:19 Farm
83:42 Farm
83:44 Farm
83:45 Farm
83:45 Farm
» items
| Rod of Necromancy | 1 | |
| Staff of Sanctuary | 2 | |
| Orb of Fire | 1 | |
| Potion of Healing | 2 | |
| Dust of Appearance | 1 | |
7 total
nuscheblood (
teal | 52 APM | 4416 actions | 85:14)
7 Dreadlord
3 Vampiric Aura
3 Sleep
1 Inferno
1 Goblin Tinker
1 Cluster Rockets
1 Firelord
1 Incinerate
» actions
| Assign group hotkey | 3 | |
| Basic commands | 3 | |
| Build / train | 277 | |
| Enter build submenu | 25 | |
| Enter hero's abilities submenu | 9 | |
| Give item / drop item | 5 | |
| Remove unit from queue | 6 | |
| Right click | 2956 | |
| Select / deselect | 944 | |
| Use ability | 188 | |
4416 total
» units
| Acolyte | 4 | |
| Ghoul | 50 | |
| Gargoyle | 36 | |
| Obsidian Statue | 7 | |
| Frost Wyrm | 25 | |
| Meatwagon | 20 | |
| Necromancer | 49 | |
| Goblin Sapper | 7 | |
198 total
» upgrades
| Freezing Breath | 1 | |
| Creature Attack | 1 | |
| Creature Carapace | 1 | |
| Exhume Corpses | 1 | |
| Necromancer Training | 2 | |
| Skeletal Longevity | 1 | |
| Skeletal Mastery | 1 | |
8 total
» buildings
| Ziggurat | 11 | |
| Altar of Darkness | 2 | |
| Crypt | 2 | |
| Tomb of Relics | 1 | |
| Graveyard | 1 | |
| Nerubian Tower | 1 | |
| Halls of the Dead | 1 | |
| Spirit Tower | 7 | |
| Slaughterhouse | 1 | |
| Black Citadel | 1 | |
| Sacrificial Pit | 1 | |
| Boneyard | 3 | |
| Temple of the Damned | 2 | |
34 total
» build order
00:06 Ziggurat
00:09 Altar of Darkness
00:15 Altar of Darkness
00:35 Crypt
00:53 Tomb of Relics
01:59 Ziggurat
03:11 Graveyard
03:44 Nerubian Tower
04:40 Ziggurat
05:30 Halls of the Dead
06:52 Ziggurat
06:53 Spirit Tower
06:57 Crypt
08:43 Slaughterhouse
18:10 Black Citadel
18:14 Sacrificial Pit
21:38 Boneyard
21:44 Boneyard
21:48 Boneyard
21:52 Ziggurat
21:56 Ziggurat
25:26 Ziggurat
25:34 Ziggurat
31:14 Temple of the Damned
31:16 Temple of the Damned
48:41 Ziggurat
48:45 Ziggurat
48:47 Ziggurat
80:17 Spirit Tower
80:18 Spirit Tower
80:19 Spirit Tower
80:20 Spirit Tower
80:21 Spirit Tower
80:24 Spirit Tower
» items
| Rod of Necromancy | 1 | |
| Dust of Appearance | 5 | |
| Potion of Healing | 12 | |
| Healing Wards | 1 | |
| Inferno Stone | 1 | |
| Book of the Dead | 1 | |
| Scroll of Healing | 1 | |
| Potion of Mana | 10 | |
| Orb of Corruption | 1 | |
| Ankh of Reincarnation | 1 | |
| Wand of the Wind | 1 | |
| Scroll of Speed | 1 | |
| Orb of Lightning | 1 | |
37 total
team 2 (winner)
ChiefSitsOnDix (
green | 33 APM | 2841 actions | 85:43)
9 Blademaster
3 Wind Walk
3 Critical Strike
1 Bladestorm
2 Mirror Image
» actions
| Assign group hotkey | 25 | |
| Basic commands | 27 | |
| Build / train | 136 | |
| ESC pressed | 29 | |
| Enter build submenu | 124 | |
| Enter hero's abilities submenu | 9 | |
| Give item / drop item | 7 | |
| Right click | 1153 | |
| Select / deselect | 584 | |
| Select group hotkey | 453 | |
| Use ability | 294 | |
2841 total
» units
| Peon | 41 | |
| Troll Batrider | 11 | |
| Goblin Shredder | 7 | |
| Wind Rider | 12 | |
| Goblin Sapper | 1 | |
72 total
» upgrades
| Reinforced Defenses | 1 | |
| Ranged Weapons | 3 | |
| Armor | 3 | |
| Spiked Barricades | 3 | |
| Liquid Fire | 1 | |
| Ensnare | 1 | |
| Envenomed Spears | 1 | |
| War Drums Damage Increase | 1 | |
| Melee Weapons | 3 | |
| Pillage | 1 | |
| Backpack | 1 | |
| Pulverize | 1 | |
| Shaman Training | 2 | |
| Witch Doctor Training | 2 | |
| Spirit Walker Training | 2 | |
26 total
» buildings
| Altar of Storms | 2 | |
| Orc Burrow | 17 | |
| War Mill | 11 | |
| Watch Tower | 94 | |
| Voodoo Lounge | 2 | |
| Stronghold | 1 | |
| Great Hall | 2 | |
| Fortress | 1 | |
| Beastiary | 2 | |
| Spirit Lodge | 3 | |
| Tauren Totem | 2 | |
137 total
» build order
00:07 Altar of Storms
00:21 Orc Burrow
00:44 War Mill
01:58 Watch Tower
02:01 Watch Tower
02:15 Watch Tower
02:23 Watch Tower
02:52 Voodoo Lounge
03:08 Watch Tower
03:22 Watch Tower
03:24 Watch Tower
03:40 Watch Tower
04:35 Watch Tower
04:36 Watch Tower
04:45 Watch Tower
04:48 Watch Tower
04:49 Watch Tower
04:50 Watch Tower
05:04 Watch Tower
05:15 Watch Tower
05:15 Watch Tower
05:42 Watch Tower
05:43 Watch Tower
05:48 Watch Tower
05:50 Watch Tower
06:22 Watch Tower
06:27 Watch Tower
06:28 Watch Tower
06:47 Watch Tower
06:47 Watch Tower
06:52 Watch Tower
06:53 Watch Tower
06:55 Watch Tower
07:19 Orc Burrow
07:35 Watch Tower
07:36 Watch Tower
07:41 Watch Tower
07:58 Watch Tower
08:00 Watch Tower
08:05 Watch Tower
08:06 Watch Tower
08:06 Watch Tower
08:38 Watch Tower
08:38 Watch Tower
08:48 Watch Tower
08:49 Watch Tower
09:23 Watch Tower
09:28 Watch Tower
09:29 Watch Tower
09:31 Watch Tower
10:05 Watch Tower
10:18 Voodoo Lounge
10:24 Watch Tower
10:25 Watch Tower
10:25 Watch Tower
10:26 Watch Tower
10:27 Watch Tower
10:28 Watch Tower
10:32 Watch Tower
10:50 Watch Tower
10:51 Watch Tower
10:57 Watch Tower
10:58 Watch Tower
11:05 Watch Tower
11:30 Watch Tower
11:59 Watch Tower
12:00 Watch Tower
12:01 Watch Tower
12:03 Watch Tower
12:20 Watch Tower
12:27 Watch Tower
13:04 Stronghold
13:20 Watch Tower
13:35 Watch Tower
15:24 Watch Tower
15:26 Watch Tower
16:19 Watch Tower
16:20 Watch Tower
16:21 Watch Tower
16:21 Watch Tower
16:22 Watch Tower
16:24 Watch Tower
16:24 Watch Tower
16:25 Watch Tower
17:09 Great Hall
18:07 Watch Tower
18:10 Watch Tower
18:50 Fortress
19:15 Watch Tower
19:19 Watch Tower
19:19 Watch Tower
19:33 Watch Tower
20:32 Watch Tower
20:34 Watch Tower
20:36 Watch Tower
20:38 Watch Tower
20:39 Watch Tower
20:40 Watch Tower
21:02 Watch Tower
22:21 War Mill
22:27 Watch Tower
22:28 Watch Tower
22:30 Watch Tower
22:48 Orc Burrow
23:39 Watch Tower
23:49 Beastiary
23:53 Beastiary
32:19 Spirit Lodge
32:21 Spirit Lodge
32:23 Spirit Lodge
32:28 Tauren Totem
32:30 Tauren Totem
46:38 War Mill
47:38 Orc Burrow
47:39 Orc Burrow
47:43 Orc Burrow
47:45 Orc Burrow
47:46 Orc Burrow
58:38 Great Hall
62:59 War Mill
64:42 Orc Burrow
64:43 Orc Burrow
67:13 Orc Burrow
69:31 Orc Burrow
70:59 War Mill
72:58 Orc Burrow
73:03 Orc Burrow
75:51 War Mill
77:11 War Mill
78:28 Altar of Storms
78:52 Orc Burrow
79:58 Orc Burrow
80:35 War Mill
82:05 Orc Burrow
83:17 War Mill
85:13 War Mill
85:16 War Mill
» items
| Lesser Clarity Potion | 3 | |
| Healing Salve | 2 | |
| Potion of Mana | 1 | |
| Potion of Healing | 1 | |
| Scroll of Town Portal | 1 | |
| Inferno Stone | 1 | |
| Boots of Quel'Thalas +6 | 5 | |
| Orb of Lightning | 1 | |
| Ankh of Reincarnation | 1 | |
| Potion of Divinity | 6 | |
| Scourge Bone Chimes | 1 | |
23 total

»
highperches (
purple | 137 APM | 11722 actions | 85:44)
8 Keeper of the Grove
3 Entangling Roots
3 Thorns Aura
1 Tranquility
1 Force of Nature
5 Naga Sea Witch
3 Frost Arrows
2 Forked Lightning
5 Priestess of the Moon
3 Searing Arrows
2 Trueshot Aura
» actions
| Assign group hotkey | 2014 | |
| Basic commands | 40 | |
| Build / train | 135 | |
| Enter build submenu | 39 | |
| Enter hero's abilities submenu | 19 | |
| Give item / drop item | 12 | |
| Remove unit from queue | 4 | |
| Right click | 6176 | |
| Select / deselect | 1970 | |
| Select group hotkey | 660 | |
| Use ability | 648 | |
11722 total
» units
» upgrades
| Nature's Blessing | 1 | |
| Well Spring | 1 | |
| Ultravision | 1 | |
| Strength of the Wild | 3 | |
| Reinforced Hides | 3 | |
| Strength of the Moon | 2 | |
| Druid of the Claw Training | 2 | |
| Abolish Magic | 1 | |
| Hardened Skin | 1 | |
| Moon Armor | 1 | |
| Druid of the Talon Training | 1 | |
| Hippogryph Taming | 1 | |
18 total
» buildings
| Altar of Elders | 2 | |
| Moon Well | 18 | |
| Tree of Life | 2 | |
| Tree of Ages | 1 | |
| Ancient of War | 2 | |
| Tree of Eternity | 1 | |
| Hunter's Hall | 1 | |
| Ancient of Wonders | 1 | |
| Ancient of Wind | 1 | |
| Ancient of Lore | 1 | |
30 total
» build order
00:04 Altar of Elders
00:18 Moon Well
01:04 Moon Well
06:24 Tree of Life
08:13 Tree of Ages
11:26 Ancient of War
11:27 Ancient of War
12:15 Tree of Eternity
13:12 Hunter's Hall
13:15 Moon Well
13:15 Moon Well
13:16 Moon Well
15:04 Ancient of Wonders
22:13 Moon Well
22:14 Moon Well
27:31 Ancient of Wind
27:42 Ancient of Lore
48:57 Altar of Elders
52:43 Moon Well
52:45 Moon Well
52:49 Moon Well
53:40 Moon Well
53:42 Moon Well
53:44 Moon Well
53:45 Moon Well
55:37 Moon Well
55:40 Moon Well
58:10 Moon Well
58:12 Moon Well
71:27 Tree of Life
» items
| Healing Salve | 1 | |
| Lesser Clarity Potion | 2 | |
| Runed Bracers | 2 | |
| Scroll of Town Portal | 5 | |
| Potion of Healing | 4 | |
| Sobi Mask | 2 | |
| Mana Stone | 1 | |
| Orb of Venom | 1 | |
| Robe of the Magi +6 | 2 | |
| Inferno Stone | 3 | |
| The Lion Horn of Stormwind | 1 | |
| Staff of Sanctuary | 4 | |
28 total
iggy_the_fisk (
blue | 87 APM | 7486 actions | 85:43)
6 Archmage
3 Blizzard
3 Brilliance Aura
5 Blood Mage
3 Flame Strike
2 Siphon Mana
5 Mountain King
3 Storm Bolt
2 Bash
» actions
| Assign group hotkey | 75 | |
| Basic commands | 19 | |
| Build / train | 248 | |
| Enter build submenu | 246 | |
| Enter hero's abilities submenu | 16 | |
| Give item / drop item | 11 | |
| Right click | 3681 | |
| Select / deselect | 945 | |
| Select group hotkey | 1578 | |
| Use ability | 664 | |
7486 total
» units
| Peasant | 56 | |
| Priest | 2 | |
| Sorceress | 2 | |
60 total
» upgrades
| Masonry | 3 | |
| Lumber Harvesting | 1 | |
| Magic Sentry | 1 | |
| Priest Training | 2 | |
| Sorceress Training | 2 | |
9 total
» buildings
| Altar of Kings | 4 | |
| Farm | 18 | |
| Lumber Mill | 3 | |
| Scout Tower | 304 | |
| Guard Tower | 106 | |
| Keep | 3 | |
| Town Hall | 5 | |
| Arcane Vault | 6 | |
| Castle | 2 | |
| Arcane Sanctum | 2 | |
| Blacksmith | 1 | |
| Workshop | 1 | |
| Cannon Tower | 16 | |
| Arcane Tower | 5 | |
476 total
» build order
00:19 Altar of Kings
00:35 Farm
00:36 Farm
01:04 Lumber Mill
01:42 Scout Tower
01:47 Scout Tower
02:03 Scout Tower
02:13 Scout Tower
02:26 Guard Tower
02:39 Scout Tower
02:44 Guard Tower
02:44 Guard Tower
03:02 Guard Tower
03:15 Guard Tower
03:17 Scout Tower
03:20 Scout Tower
03:53 Guard Tower
03:57 Scout Tower
03:58 Scout Tower
04:01 Scout Tower
04:03 Scout Tower
04:27 Guard Tower
04:29 Scout Tower
04:30 Guard Tower
04:32 Scout Tower
04:48 Guard Tower
04:49 Scout Tower
04:50 Scout Tower
04:57 Scout Tower
05:16 Guard Tower
05:19 Scout Tower
05:20 Scout Tower
05:22 Keep
05:45 Guard Tower
05:49 Scout Tower
06:00 Scout Tower
06:01 Scout Tower
06:19 Guard Tower
07:26 Town Hall
07:36 Town Hall
08:34 Town Hall
08:55 Altar of Kings
08:57 Guard Tower
09:37 Farm
09:38 Farm
10:53 Scout Tower
10:53 Scout Tower
11:24 Scout Tower
11:25 Scout Tower
11:39 Scout Tower
11:40 Scout Tower
11:56 Scout Tower
11:57 Scout Tower
11:58 Scout Tower
12:00 Scout Tower
12:05 Guard Tower
12:37 Guard Tower
12:51 Arcane Vault
12:54 Guard Tower
13:06 Scout Tower
13:07 Scout Tower
13:10 Scout Tower
13:11 Scout Tower
13:41 Guard Tower
13:47 Town Hall
13:55 Guard Tower
14:00 Guard Tower
14:07 Guard Tower
14:26 Arcane Vault
15:01 Keep
15:08 Scout Tower
15:09 Scout Tower
16:07 Guard Tower
16:08 Scout Tower
16:09 Scout Tower
16:28 Scout Tower
16:29 Scout Tower
17:03 Guard Tower
17:27 Guard Tower
17:28 Scout Tower
17:30 Scout Tower
18:07 Guard Tower
18:10 Scout Tower
18:32 Castle
18:45 Guard Tower
18:59 Guard Tower
19:00 Scout Tower
19:43 Guard Tower
19:45 Scout Tower
19:46 Scout Tower
19:53 Scout Tower
20:05 Scout Tower
20:06 Scout Tower
20:07 Scout Tower
20:08 Scout Tower
20:09 Scout Tower
20:10 Scout Tower
20:11 Scout Tower
20:20 Scout Tower
20:22 Scout Tower
20:42 Guard Tower
20:55 Guard Tower
20:58 Lumber Mill
21:04 Scout Tower
21:05 Scout Tower
21:06 Scout Tower
21:07 Scout Tower
21:12 Scout Tower
21:13 Scout Tower
21:14 Scout Tower
21:15 Scout Tower
21:31 Altar of Kings
21:53 Scout Tower
21:54 Scout Tower
21:54 Scout Tower
21:55 Scout Tower
22:06 Scout Tower
22:07 Scout Tower
22:11 Guard Tower
22:16 Guard Tower
22:18 Scout Tower
22:19 Scout Tower
22:33 Guard Tower
22:36 Farm
22:37 Farm
22:46 Guard Tower
22:57 Guard Tower
23:10 Guard Tower
23:10 Guard Tower
23:10 Guard Tower
23:15 Guard Tower
23:15 Guard Tower
23:15 Guard Tower
23:21 Scout Tower
23:22 Scout Tower
23:28 Scout Tower
23:28 Scout Tower
23:31 Scout Tower
23:32 Scout Tower
23:39 Scout Tower
23:41 Scout Tower
23:41 Scout Tower
23:57 Guard Tower
24:04 Guard Tower
24:06 Scout Tower
24:18 Guard Tower
24:42 Guard Tower
24:51 Scout Tower
25:24 Guard Tower
25:26 Scout Tower
25:48 Scout Tower
25:49 Scout Tower
25:51 Scout Tower
25:52 Scout Tower
25:53 Guard Tower
26:25 Guard Tower
26:37 Guard Tower
26:42 Guard Tower
26:43 Scout Tower
26:45 Scout Tower
26:46 Scout Tower
26:56 Farm
26:58 Farm
27:01 Scout Tower
27:17 Guard Tower
27:29 Arcane Sanctum
27:35 Guard Tower
28:31 Guard Tower
28:40 Farm
28:40 Farm
30:22 Scout Tower
30:23 Scout Tower
31:06 Scout Tower
31:07 Scout Tower
31:08 Guard Tower
32:07 Scout Tower
32:08 Scout Tower
32:10 Scout Tower
32:14 Guard Tower
32:19 Blacksmith
32:24 Scout Tower
32:25 Scout Tower
32:36 Scout Tower
32:37 Scout Tower
32:38 Scout Tower
32:41 Scout Tower
32:41 Scout Tower
33:16 Guard Tower
33:18 Scout Tower
33:19 Scout Tower
33:35 Scout Tower
33:36 Scout Tower
33:37 Scout Tower
33:38 Scout Tower
33:40 Scout Tower
33:51 Workshop
33:54 Guard Tower
33:57 Scout Tower
34:02 Scout Tower
34:03 Scout Tower
34:04 Scout Tower
34:05 Scout Tower
35:42 Guard Tower
35:44 Guard Tower
35:47 Scout Tower
35:48 Scout Tower
35:48 Scout Tower
35:52 Scout Tower
35:53 Scout Tower
35:55 Scout Tower
35:56 Scout Tower
35:56 Scout Tower
35:57 Scout Tower
36:00 Scout Tower
36:01 Scout Tower
36:02 Scout Tower
36:06 Scout Tower
36:06 Scout Tower
36:07 Scout Tower
36:10 Scout Tower
36:11 Scout Tower
36:11 Scout Tower
36:12 Scout Tower
36:13 Scout Tower
36:13 Scout Tower
36:16 Scout Tower
36:17 Scout Tower
36:17 Scout Tower
36:18 Scout Tower
36:49 Cannon Tower
36:50 Cannon Tower
36:52 Guard Tower
36:54 Scout Tower
36:54 Scout Tower
36:58 Scout Tower
37:00 Scout Tower
37:02 Scout Tower
37:02 Scout Tower
37:03 Scout Tower
37:04 Scout Tower
37:04 Scout Tower
37:05 Scout Tower
37:20 Guard Tower
37:22 Cannon Tower
37:23 Cannon Tower
37:23 Guard Tower
37:24 Cannon Tower
37:25 Cannon Tower
37:26 Guard Tower
37:27 Cannon Tower
37:27 Guard Tower
37:35 Guard Tower
37:38 Scout Tower
37:39 Scout Tower
37:49 Scout Tower
37:50 Scout Tower
37:51 Scout Tower
37:52 Scout Tower
37:53 Scout Tower
38:02 Guard Tower
38:03 Scout Tower
38:04 Scout Tower
38:06 Scout Tower
38:07 Scout Tower
38:08 Scout Tower
38:09 Scout Tower
38:12 Scout Tower
38:12 Scout Tower
38:29 Guard Tower
38:32 Scout Tower
38:39 Lumber Mill
38:41 Guard Tower
38:43 Scout Tower
38:45 Scout Tower
38:46 Scout Tower
38:47 Guard Tower
38:49 Guard Tower
39:50 Guard Tower
39:52 Guard Tower
39:57 Scout Tower
39:57 Scout Tower
39:58 Scout Tower
39:59 Scout Tower
40:00 Scout Tower
40:06 Scout Tower
40:07 Scout Tower
40:08 Scout Tower
40:09 Scout Tower
40:10 Scout Tower
40:11 Scout Tower
40:12 Scout Tower
40:14 Scout Tower
40:15 Scout Tower
40:16 Scout Tower
40:29 Arcane Tower
40:33 Scout Tower
40:36 Scout Tower
40:37 Scout Tower
40:38 Scout Tower
40:39 Scout Tower
40:39 Scout Tower
40:40 Scout Tower
40:52 Town Hall
40:58 Arcane Tower
41:05 Scout Tower
41:06 Scout Tower
41:07 Scout Tower
41:08 Scout Tower
41:09 Scout Tower
41:10 Scout Tower
41:11 Scout Tower
41:13 Scout Tower
41:14 Scout Tower
41:15 Scout Tower
41:16 Scout Tower
41:16 Scout Tower
41:17 Scout Tower
41:38 Arcane Tower
41:39 Guard Tower
41:45 Scout Tower
41:46 Scout Tower
41:47 Scout Tower
41:47 Scout Tower
42:00 Guard Tower
42:01 Scout Tower
42:03 Scout Tower
42:04 Scout Tower
42:17 Guard Tower
42:22 Guard Tower
42:28 Scout Tower
42:33 Scout Tower
42:34 Scout Tower
42:35 Scout Tower
42:35 Scout Tower
42:36 Scout Tower
42:37 Scout Tower
42:38 Scout Tower
42:45 Cannon Tower
42:50 Guard Tower
43:32 Arcane Tower
43:40 Scout Tower
43:41 Scout Tower
43:46 Guard Tower
43:49 Scout Tower
43:50 Scout Tower
43:54 Scout Tower
44:41 Guard Tower
45:23 Guard Tower
45:25 Scout Tower
45:26 Scout Tower
45:27 Scout Tower
45:28 Scout Tower
45:33 Scout Tower
45:35 Scout Tower
45:41 Scout Tower
45:43 Scout Tower
45:43 Scout Tower
45:44 Scout Tower
45:44 Scout Tower
45:46 Scout Tower
45:49 Guard Tower
45:53 Scout Tower
45:54 Scout Tower
46:05 Scout Tower
46:06 Scout Tower
46:08 Scout Tower
46:09 Scout Tower
46:13 Guard Tower
46:16 Scout Tower
46:17 Scout Tower
46:19 Scout Tower
46:24 Cannon Tower
46:40 Cannon Tower
46:42 Scout Tower
46:43 Scout Tower
46:48 Cannon Tower
46:50 Cannon Tower
46:54 Scout Tower
46:55 Scout Tower
46:58 Scout Tower
47:24 Guard Tower
47:26 Scout Tower
47:27 Scout Tower
47:28 Scout Tower
47:29 Scout Tower
47:31 Cannon Tower
47:34 Guard Tower
47:39 Cannon Tower
47:42 Guard Tower
47:47 Scout Tower
47:50 Cannon Tower
47:50 Cannon Tower
47:53 Scout Tower
47:58 Scout Tower
47:59 Scout Tower
48:00 Scout Tower
48:01 Scout Tower
48:14 Keep
48:17 Guard Tower
48:20 Guard Tower
48:21 Guard Tower
48:22 Arcane Tower
48:28 Scout Tower
49:07 Guard Tower
49:13 Scout Tower
49:13 Scout Tower
49:49 Guard Tower
49:52 Guard Tower
49:57 Guard Tower
50:14 Arcane Vault
50:17 Guard Tower
50:28 Guard Tower
50:37 Castle
50:58 Arcane Sanctum
51:06 Farm
51:07 Farm
51:07 Farm
51:08 Farm
51:15 Scout Tower
51:40 Farm
51:41 Farm
51:47 Farm
51:48 Farm
51:50 Guard Tower
51:52 Scout Tower
51:55 Scout Tower
51:57 Scout Tower
51:57 Scout Tower
51:59 Scout Tower
52:25 Scout Tower
52:27 Scout Tower
52:28 Scout Tower
52:29 Scout Tower
53:34 Arcane Vault
54:10 Guard Tower
54:21 Arcane Vault
55:17 Scout Tower
55:20 Scout Tower
55:20 Scout Tower
55:21 Scout Tower
55:22 Scout Tower
55:23 Scout Tower
55:23 Scout Tower
56:31 Guard Tower
56:35 Scout Tower
56:36 Scout Tower
56:53 Scout Tower
58:13 Guard Tower
58:21 Guard Tower
58:23 Scout Tower
58:24 Scout Tower
58:24 Scout Tower
58:27 Scout Tower
59:34 Altar of Kings
59:44 Guard Tower
60:07 Scout Tower
60:12 Scout Tower
61:37 Scout Tower
61:38 Scout Tower
61:39 Scout Tower
62:42 Guard Tower
62:44 Scout Tower
63:54 Guard Tower
63:59 Guard Tower
78:56 Arcane Vault
80:29 Scout Tower
80:31 Scout Tower
80:32 Scout Tower
80:33 Scout Tower
80:34 Scout Tower
80:35 Scout Tower
80:37 Scout Tower
82:48 Guard Tower
83:49 Guard Tower
» items
| Scroll of Regeneration | 2 | |
| Scroll of Town Portal | 14 | |
| Healing Salve | 3 | |
| Orb of Lightning | 3 | |
| Staff of Sanctuary | 4 | |
| Belt of Giant Strength +6 | 1 | |
| Runed Bracers | 1 | |
28 total

»
MyNutUrButt.de (
orange | 71 APM | 6112 actions | 85:43)
8 Blademaster
3 Wind Walk
3 Critical Strike
1 Bladestorm
1 Mirror Image
5 Pandaren Brewmaster
3 Breath of Fire
2 Drunken Brawler
3 Dark Ranger
2 Silence
1 Life Drain
» actions
| Assign group hotkey | 15 | |
| Basic commands | 90 | |
| Build / train | 122 | |
| ESC pressed | 7 | |
| Enter build submenu | 152 | |
| Enter hero's abilities submenu | 16 | |
| Give item / drop item | 24 | |
| Right click | 2530 | |
| Select / deselect | 487 | |
| Select group hotkey | 2189 | |
| Use ability | 480 | |
6112 total
» units
| Peon | 34 | |
| Troll Batrider | 13 | |
| Kodo Beast | 1 | |
| Goblin Zeppelin | 1 | |
49 total
» upgrades
| Spiked Barricades | 3 | |
| Ranged Weapons | 3 | |
| Liquid Fire | 1 | |
| Reinforced Defenses | 1 | |
| Armor | 2 | |
| Melee Weapons | 2 | |
| Pillage | 1 | |
| Backpack | 1 | |
| Envenomed Spears | 1 | |
| Ensnare | 1 | |
| War Drums Damage Increase | 1 | |
17 total
» buildings
| Altar of Storms | 2 | |
| Orc Burrow | 7 | |
| War Mill | 3 | |
| Watch Tower | 207 | |
| Voodoo Lounge | 1 | |
| Stronghold | 1 | |
| Great Hall | 8 | |
| Beastiary | 3 | |
| Fortress | 1 | |
| Spirit Lodge | 1 | |
234 total
» build order
00:21 Altar of Storms
00:27 Orc Burrow
00:42 War Mill
01:59 Watch Tower
02:21 Orc Burrow
03:21 Watch Tower
03:21 Watch Tower
04:16 Watch Tower
04:19 Watch Tower
05:12 Voodoo Lounge
05:15 Watch Tower
05:29 Watch Tower
05:31 Watch Tower
05:37 Watch Tower
05:37 Watch Tower
05:51 Watch Tower
05:52 Watch Tower
06:42 Watch Tower
06:43 Watch Tower
06:44 Watch Tower
06:46 Watch Tower
07:01 Watch Tower
07:05 Watch Tower
08:08 Watch Tower
08:08 Watch Tower
09:10 Watch Tower
09:11 Watch Tower
09:13 Watch Tower
09:13 Watch Tower
09:14 Watch Tower
09:26 Watch Tower
09:27 Watch Tower
09:28 Watch Tower
09:29 Watch Tower
09:36 Watch Tower
09:37 Watch Tower
09:38 Watch Tower
10:24 Stronghold
10:56 Watch Tower
10:56 Watch Tower
10:58 Watch Tower
11:59 Great Hall
12:10 Watch Tower
12:11 Watch Tower
12:13 Watch Tower
12:14 Watch Tower
12:15 Watch Tower
12:16 Watch Tower
12:17 Watch Tower
12:17 Watch Tower
12:33 Watch Tower
12:33 Watch Tower
12:34 Watch Tower
12:35 Watch Tower
12:35 Watch Tower
12:36 Watch Tower
12:37 Watch Tower
12:38 Watch Tower
12:40 Watch Tower
13:11 Beastiary
13:12 Beastiary
14:48 Fortress
14:53 Orc Burrow
14:55 Orc Burrow
16:15 Watch Tower
16:16 Watch Tower
16:17 Watch Tower
16:21 Watch Tower
16:22 Watch Tower
16:23 Watch Tower
16:23 Watch Tower
17:07 Watch Tower
17:08 Watch Tower
17:08 Watch Tower
18:51 Watch Tower
18:52 Watch Tower
19:04 Watch Tower
19:05 Watch Tower
19:09 Watch Tower
20:44 Watch Tower
20:55 Watch Tower
20:56 Watch Tower
20:57 Watch Tower
20:58 Watch Tower
21:48 Watch Tower
21:49 Watch Tower
21:51 Watch Tower
22:09 Watch Tower
22:15 Watch Tower
22:16 Watch Tower
22:17 Watch Tower
22:19 Watch Tower
23:04 Watch Tower
23:04 Watch Tower
23:05 Watch Tower
23:07 Watch Tower
23:07 Watch Tower
23:08 Watch Tower
23:09 Watch Tower
23:10 Watch Tower
23:11 Watch Tower
23:12 Watch Tower
23:13 Watch Tower
23:14 Watch Tower
23:14 Watch Tower
23:27 War Mill
24:45 Watch Tower
24:46 Watch Tower
24:48 Watch Tower
24:49 Watch Tower
24:54 Watch Tower
24:56 Watch Tower
24:58 Watch Tower
24:59 Watch Tower
24:59 Watch Tower
25:50 Watch Tower
26:56 Watch Tower
27:00 Watch Tower
27:06 Watch Tower
30:26 Watch Tower
30:31 Watch Tower
30:32 Watch Tower
30:32 Watch Tower
30:34 Watch Tower
30:35 Watch Tower
30:35 Watch Tower
32:30 Great Hall
33:03 Watch Tower
33:04 Watch Tower
33:04 Watch Tower
33:05 Watch Tower
33:06 Watch Tower
33:07 Watch Tower
33:07 Watch Tower
33:08 Watch Tower
33:09 Watch Tower
33:10 Watch Tower
33:11 Watch Tower
33:18 Great Hall
33:35 Watch Tower
33:36 Watch Tower
33:37 Watch Tower
33:38 Watch Tower
33:39 Watch Tower
33:40 Watch Tower
33:41 Watch Tower
33:41 Watch Tower
34:12 War Mill
35:33 Watch Tower
35:34 Watch Tower
35:34 Watch Tower
35:35 Watch Tower
35:36 Watch Tower
35:36 Watch Tower
35:37 Watch Tower
35:37 Watch Tower
35:38 Watch Tower
35:39 Watch Tower
35:39 Watch Tower
35:40 Watch Tower
35:41 Watch Tower
35:49 Watch Tower
35:50 Watch Tower
35:51 Watch Tower
35:53 Watch Tower
35:53 Watch Tower
37:06 Watch Tower
37:07 Watch Tower
37:08 Watch Tower
37:09 Watch Tower
37:17 Watch Tower
37:18 Watch Tower
37:18 Watch Tower
38:20 Beastiary
41:53 Watch Tower
41:53 Watch Tower
41:58 Watch Tower
41:59 Watch Tower
42:00 Watch Tower
42:01 Watch Tower
42:01 Watch Tower
42:04 Watch Tower
42:11 Watch Tower
42:12 Watch Tower
42:12 Watch Tower
42:13 Watch Tower
44:08 Watch Tower
44:11 Watch Tower
44:13 Watch Tower
44:14 Watch Tower
46:04 Watch Tower
46:06 Watch Tower
46:08 Watch Tower
46:08 Watch Tower
46:09 Watch Tower
46:10 Watch Tower
46:10 Watch Tower
46:12 Watch Tower
46:14 Watch Tower
46:15 Watch Tower
46:16 Watch Tower
46:21 Watch Tower
46:22 Watch Tower
46:38 Watch Tower
47:53 Spirit Lodge
48:10 Watch Tower
48:11 Watch Tower
48:12 Watch Tower
48:24 Watch Tower
48:25 Watch Tower
48:26 Watch Tower
48:28 Watch Tower
48:32 Watch Tower
48:33 Watch Tower
48:34 Watch Tower
48:35 Watch Tower
48:35 Watch Tower
48:36 Watch Tower
49:05 Watch Tower
49:06 Watch Tower
49:08 Watch Tower
51:24 Watch Tower
51:28 Watch Tower
53:56 Great Hall
54:57 Great Hall
57:05 Altar of Storms
57:08 Orc Burrow
57:11 Orc Burrow
58:44 Orc Burrow
62:15 Great Hall
67:38 Watch Tower
67:39 Watch Tower
79:44 Great Hall
80:35 Great Hall
» items
| Healing Salve | 2 | |
| Lesser Clarity Potion | 3 | |
| Orb of Lightning | 3 | |
| Belt of Giant Strength +6 | 5 | |
| Scourge Bone Chimes | 1 | |
| Inferno Stone | 4 | |
| Runed Bracers | 4 | |
| Sobi Mask | 3 | |
| Staff of Sanctuary | 3 | |
| Boots of Quel'Thalas +6 | 3 | |
| Ankh of Reincarnation | 1 | |
| Potion of Divinity | 1 | |
33 total
Chat log
(00:15 / Allies) highperches: some towers
(00:16 / Allies) iggy_the_fisk: tim on da ball
(00:23 / Allies) MyNutUrButt.de: tim on balls
(00:28 / Allies) MyNutUrButt.de: 100g
(00:55 / Allies) MyNutUrButt.de: predicting bottom fails.
(00:58 / Allies) ChiefSitsOnDix: same
(00:59 / Allies) iggy_the_fisk: yeah
(01:00 / All) MyNutUrButt.de: gl hf...
(01:01 / Allies) ChiefSitsOnDix: :(
(01:09 / Allies) iggy_the_fisk: is cool you have a ne
(01:46 / Allies) highperches: does anyone have sc installed
(01:53 / Allies) iggy_the_fisk: ofc
(02:04 / Allies) highperches: wanna 1v1
(02:21 / Allies) iggy_the_fisk: yea
(02:26 / Allies) highperches: after this game?
(02:36 / Allies) iggy_the_fisk: prob
(02:44 / Allies) ChiefSitsOnDix: feed plz
(02:55 / Allies) highperches: this guy no dk
(02:56 / Allies) highperches: no
(02:57 / Allies) MyNutUrButt.de: hh rush
(02:57 / Allies) highperches: tower
(02:59 / Allies) highperches: hurry up
(02:59 / Allies) highperches: asdf
(03:14 / Allies) highperches: this is promised land of harassing and you guys are all tabbed
(03:15 / Allies) ChiefSitsOnDix: lumber plz
(03:34 / Allies) MyNutUrButt.de: dont
(03:35 / Allies) MyNutUrButt.de: lead
(03:35 / Allies) MyNutUrButt.de: to
(03:36 / Allies) MyNutUrButt.de: tower
(03:45 / Allies) iggy_the_fisk: leading away to open harass
(03:50 / Allies) iggy_the_fisk: you got that tcs number
(04:03 / Allies) highperches: what race do you play iggy
(04:07 / Allies) iggy_the_fisk: z
(04:08 / Allies) ChiefSitsOnDix: oh yeah you guys tower chokes
(04:08 / Allies) ChiefSitsOnDix: forgot
(04:09 / Allies) MyNutUrButt.de: tower please.
(04:12 / Allies) highperches: man i'm shitty at z
(04:31 / Allies) highperches: send works boner
(04:33 / Allies) iggy_the_fisk: warcraft
(04:35 / Allies) iggy_the_fisk: ruins my game
(04:37 / Allies) iggy_the_fisk: attack on r
(04:38 / Allies) iggy_the_fisk: etc
(04:45 / Allies) highperches: i forgotten all hotkeys by now anyway
(04:45 / Allies) MyNutUrButt.de: you play with custom kes
(04:46 / Allies) MyNutUrButt.de: keys
(04:48 / Allies) MyNutUrButt.de: like noob
(04:57 / Allies) MyNutUrButt.de: tows
(04:57 / Allies) ChiefSitsOnDix: welp
(05:02 / Allies) MyNutUrButt.de: owned
(05:02 / Allies) MyNutUrButt.de: and
(05:03 / Allies) MyNutUrButt.de: pwned
(05:07 / Allies) iggy_the_fisk: no more room
(05:08 / Allies) iggy_the_fisk: for u
(05:20 / Allies) MyNutUrButt.de: tows please
(05:39 / Allies) MyNutUrButt.de: tower up
(05:57 / Allies) MyNutUrButt.de: tower up
(05:59 / Allies) MyNutUrButt.de: oh gosh
(06:07 / Allies) iggy_the_fisk: well what the christ
(06:08 / Allies) ChiefSitsOnDix: lumber
(06:10 / Allies) highperches: haha wtf
(06:25 / Allies) MyNutUrButt.de: thanks for this
(06:27 / Allies) highperches: work it
(06:28 / Allies) highperches: boner
(07:25 / Allies) ChiefSitsOnDix: gold please
(08:19 / Allies) MyNutUrButt.de: sources
(08:22 / Allies) ChiefSitsOnDix: lumber
(09:08 / Allies) iggy_the_fisk: gold
(09:36 / Allies) highperches: so
(09:41 / Allies) highperches: who was predicting bot was gonna die
(09:47 / Allies) ChiefSitsOnDix: sources please
(09:48 / Allies) ChiefSitsOnDix: hehe
(09:50 / Allies) iggy_the_fisk: yeah
(09:52 / Allies) iggy_the_fisk: thanks
(09:54 / Allies) MyNutUrButt.de: because noob didnt tower choke
(09:57 / Allies) highperches: owned?
(10:27 / Allies) MyNutUrButt.de: tc
(10:30 / Allies) MyNutUrButt.de: ah unit
(10:40 / Allies) ChiefSitsOnDix: gold please
(10:40 / Allies) iggy_the_fisk: more gold
(10:41 / Allies) iggy_the_fisk: last one
(11:44 / Allies) highperches: will brt
(11:48 / Allies) ChiefSitsOnDix: gargs
(12:23 / Allies) MyNutUrButt.de: sources
(12:53 / Allies) MyNutUrButt.de: any gold.
(12:57 / Allies) highperches: soon
(12:58 / Allies) MyNutUrButt.de: comign
(14:53 / Allies) highperches: haha.
(14:56 / Allies) ChiefSitsOnDix: yes
(15:01 / Allies) ChiefSitsOnDix: owned so hard
(15:13 / Allies) highperches: gget that ogre lord before he's healed to full
(15:29 / Allies) highperches: going after him
(15:31 / Allies) iggy_the_fisk: cered
(15:33 / Allies) iggy_the_fisk: jackpot
(15:43 / Allies) iggy_the_fisk: just cruises in and gets the exp
(15:56 / Allies) iggy_the_fisk: +6 boots
(15:58 / Allies) highperches: yea that was sweet
(16:00 / Allies) MyNutUrButt.de: donde
(16:02 / Allies) ChiefSitsOnDix: now I got no lumber too
(16:12 / Allies) ChiefSitsOnDix: hook me up dawg
(16:12 / Allies) MyNutUrButt.de: coming for boot/tome
(16:27 / Allies) MyNutUrButt.de: lum
(16:46 / Allies) iggy_the_fisk: crap
(16:54 / Allies) MyNutUrButt.de: pumping bat
(17:33 / Allies) ChiefSitsOnDix: mass gargs v good vs tower
(17:41 / Allies) highperches: anyone want str belt?
(17:55 / Allies) highperches: guesse not
(17:59 / Allies) iggy_the_fisk: they all here
(18:01 / Allies) iggy_the_fisk: well don't sell
(18:03 / Allies) iggy_the_fisk: panda cumen
(18:08 / Allies) highperches: didnt buy
(18:12 / Allies) iggy_the_fisk: ah
(18:26 / Allies) MyNutUrButt.de: please make tow
(19:33 / Allies) MyNutUrButt.de: 2 level slmao
(19:49 / Allies) MyNutUrButt.de: bof and bat is nasty
(20:05 / Allies) highperches: come for some exp
(20:07 / Allies) MyNutUrButt.de: getting forty ups need mroe hu tower
(20:21 / Allies) highperches: damn coming up
(20:59 / Allies) MyNutUrButt.de: tower
(21:01 / Allies) highperches: cant tp into that, gonna work on it
(21:40 / Allies) MyNutUrButt.de: wis it
(21:42 / Allies) MyNutUrButt.de: wis[p
(21:52 / Allies) MyNutUrButt.de: lum
(22:26 / Allies) highperches: can even ceredwyn be a good kotg
(22:28 / Allies) highperches: in the right hands?
(22:30 / Allies) highperches: we'll see.
(22:37 / Allies) MyNutUrButt.de: ceredweeb imo
(23:01 / Allies) iggy_the_fisk: lum
(23:13 / Allies) iggy_the_fisk: roll faster
(23:52 / Allies) iggy_the_fisk: batola
(23:58 / Allies) highperches: sweet purge
(24:24 / Allies) iggy_the_fisk: drawing
(25:38 / Allies) iggy_the_fisk: a million unprotected air
(25:43 / Allies) iggy_the_fisk: why am i sitll lvl 1
(26:01 / Allies) ChiefSitsOnDix: infernal escapes
(26:08 / Allies) ChiefSitsOnDix: everything else dies
(26:19 / Allies) highperches: anyone not level 5 yet we can creep golems
(26:30 / Allies) ChiefSitsOnDix: if they're not dead
(26:50 / Allies) MyNutUrButt.de: can we lose our bases ad fight in mid.
(26:56 / Allies) highperches: always the most fun solution
(27:10 / Allies) highperches: we already lost top once
(27:20 / Allies) MyNutUrButt.de: get sentry
(27:24 / Allies) MyNutUrButt.de: thw tows look sweet wif sentry
(27:35 / Allies) highperches: i dont partic. agree
(27:50 / Allies) highperches: going as far to call towers with sentry "gay"
(27:58 / Allies) ChiefSitsOnDix: lumber please
(28:08 / Allies) MyNutUrButt.de: mad shizz
(28:26 / Allies) highperches: kinda close to 6
(28:27 / Allies) MyNutUrButt.de: i made a lil block
(28:30 / Allies) highperches: when i hit 6 i'm tri hero
(28:35 / Allies) MyNutUrButt.de: so they dont go roud back to fuck bottom nerds up
(28:36 / Allies) highperches: tri hero mad hero nuke
(28:39 / Allies) MyNutUrButt.de: even though they deserve it
(29:03 / Allies) MyNutUrButt.de: grats on using all my bat
(29:05 / Allies) MyNutUrButt.de: whoever done it
(29:48 / Allies) highperches: hehe it resses bears in caster form?
(29:53 / Allies) highperches: didnt even know
(30:03 / Allies) MyNutUrButt.de: owed
(30:06 / Allies) MyNutUrButt.de: long distance bash
(30:25 / Allies) highperches: potm or dranger?
(30:36 / Allies) iggy_the_fisk: make. bats.
(30:41 / Allies) MyNutUrButt.de: i aint making shit
(30:43 / Allies) MyNutUrButt.de: they gonna quit
(30:46 / Allies) MyNutUrButt.de: and i wanna fight in mid
(30:48 / Allies) highperches: mb
(30:53 / Allies) highperches: i'll creep it i guess
(31:05 / Allies) MyNutUrButt.de: tower
(31:10 / Allies) ChiefSitsOnDix: iggy will you make me some scan towers tia
(31:20 / Allies) iggy_the_fisk: nope
(31:36 / Allies) MyNutUrButt.de: make second shop please
(31:50 / Allies) iggy_the_fisk: gonna be a nope on that one too
(31:56 / Allies) highperches: make second shop
(32:17 / Allies) MyNutUrButt.de: wait one sec
(32:19 / Allies) MyNutUrButt.de: for next camp
(32:51 / Allies) MyNutUrButt.de: got dranger @ random
(32:52 / Allies) MyNutUrButt.de: hwo sweet
(33:06 / Allies) highperches: yeah
(33:09 / Allies) highperches: underappreciated hero
(33:15 / Allies) MyNutUrButt.de: lum like insane
(33:23 / Allies) highperches: ult is best ult in game, silence is best ability in game
(33:46 / Allies) iggy_the_fisk: source me and ima lock this shit down
(33:47 / Allies) MyNutUrButt.de: shouldve had somebdoy double mine
(33:48 / Allies) MyNutUrButt.de: oh well
(34:01 / Allies) highperches: ould be sweet if we fighting frmo it
(34:03 / Allies) highperches: just a castle in th emid
(34:10 / Allies) iggy_the_fisk: lum
(34:11 / Allies) iggy_the_fisk: gold
(34:14 / Allies) MyNutUrButt.de: lets do that
(34:16 / Allies) MyNutUrButt.de: lets chop mid
(34:20 / Allies) MyNutUrButt.de: and have a big ol castle
(34:21 / Allies) highperches: use my trees if you awnt
(34:23 / Allies) ChiefSitsOnDix: check out these sleeps
(35:11 / Allies) MyNutUrButt.de: no more towers, only in middle
(35:14 / Allies) MyNutUrButt.de: dont repair or anything.
(35:27 / Allies) iggy_the_fisk: mata needs to gimme lum so i can tower it
(35:28 / Allies) MyNutUrButt.de: bring smoe trees mid
(36:17 / Allies) highperches: get blade outta here whats wrong with you
(36:22 / Allies) ChiefSitsOnDix: I want to buy
(36:32 / Allies) highperches: wait till camp is odne
(36:41 / Allies) MyNutUrButt.de: fuck
(37:09 / Allies) iggy_the_fisk: godl
(37:31 / Allies) highperches: can't wait to channel all 3 ults at once
(37:38 / Allies) MyNutUrButt.de: wheres second hu shop.
(37:38 / Allies) highperches: on these unlikely heroes
(38:22 / Allies) highperches: mad mancer
(38:29 / Allies) highperches: get here
(38:39 / Allies) MyNutUrButt.de: need second hu shop
(38:40 / Allies) MyNutUrButt.de: please
(38:44 / Allies) ChiefSitsOnDix: thought we were letting that die
(38:47 / Allies) MyNutUrButt.de: before castle is gone
(38:52 / Allies) MyNutUrButt.de: for staff god fuck
(40:46 / All) highperches: damn...
(40:47 / All) highperches: gg
(40:53 / All) highperches: guess u cant win with just tower
(41:02 / All) MyNutUrButt.de: lmfao fuckin retard blue......i tell him to build tech before castle die lmfao he retard
(41:22 / Allies) MyNutUrButt.de: stockpiling fernals in mid
(41:23 / Allies) iggy_the_fisk: more sources
(41:47 / Allies) MyNutUrButt.de: fast build it bro
(41:53 / Allies) highperches: tech dat shit up
(41:57 / Allies) iggy_the_fisk: busy peasants
(42:28 / Allies) MyNutUrButt.de: dont please.
(42:30 / Allies) iggy_the_fisk: gold
(42:38 / Allies) MyNutUrButt.de: ugh hope he dont drop
(42:40 / Allies) highperches: man
(42:44 / Allies) highperches: i made blinn listen to a radiohead song
(42:46 / Allies) highperches: and he likes it
(42:48 / Allies) highperches: or is trolling me
(42:58 / Allies) ChiefSitsOnDix: welp
(42:58 / Allies) iggy_the_fisk: gold
(43:00 / Allies) MyNutUrButt.de: lumbo like insanebo
(43:25 / Allies) iggy_the_fisk: lvl 7 bm helping out
(43:31 / Allies) highperches: soakin up exp
(43:35 / Allies) MyNutUrButt.de: damn i got extra str belt
(43:37 / Allies) MyNutUrButt.de: anybdoy want
(43:42 / Allies) ChiefSitsOnDix: f ur xp
(43:42 / Allies) iggy_the_fisk: mk
(43:49 / Allies) MyNutUrButt.de: droping it here
(44:00 / Allies) MyNutUrButt.de: need some agi shit to drop damn
(44:23 / Allies) highperches: so we pooling fernals
(44:26 / Allies) highperches: above fountains of mana?
(44:30 / Allies) MyNutUrButt.de: chea
(44:34 / Allies) iggy_the_fisk: found another
(44:44 / Allies) iggy_the_fisk: gold
(44:46 / Allies) MyNutUrButt.de: got another belt
(44:47 / Allies) MyNutUrButt.de: for you
(45:02 / Allies) highperches: bought lionhorn for myself
(45:05 / Allies) MyNutUrButt.de: tech
(45:13 / Allies) iggy_the_fisk: lmao 800 gold
(45:15 / Allies) iggy_the_fisk: who has real gold
(45:15 / Allies) ChiefSitsOnDix: dis pro
(45:18 / Allies) iggy_the_fisk: i am towering thios
(45:20 / Allies) iggy_the_fisk: there we go
(45:26 / Allies) highperches: you got real paid
(45:34 / Allies) ChiefSitsOnDix: fuckers
(45:44 / Allies) ChiefSitsOnDix: I just made like 10 peons to mine that
(45:45 / Allies) MyNutUrButt.de: i like this
(45:49 / Allies) highperches: well no defending until we lose a base for real
(45:51 / Allies) MyNutUrButt.de: i got inner
(46:01 / Allies) highperches: everyone got all your tech?
(46:06 / Allies) ChiefSitsOnDix: yes
(46:25 / Allies) MyNutUrButt.de: canc that tow
(46:59 / Allies) MyNutUrButt.de: no good items drop
(46:59 / Allies) highperches: leave some room for wells
(47:00 / Allies) MyNutUrButt.de: fucke
(47:14 / Allies) highperches: sometimes you need "right now" healing
(47:15 / Allies) MyNutUrButt.de: put wells inbetween castle and hp
(47:18 / Allies) highperches: ok
(48:17 / Allies) MyNutUrButt.de: ulm
(48:36 / Allies) iggy_the_fisk: lum
(48:48 / Allies) ChiefSitsOnDix: I buy you present
(48:51 / Allies) MyNutUrButt.de: lu,mmmmmmm
(48:54 / Allies) ChiefSitsOnDix: give you life steal
(48:59 / Allies) MyNutUrButt.de: anybody want sobi
(49:03 / Allies) highperches: sure
(49:09 / Allies) highperches: need 1 more to complete trifecta
(49:15 / Allies) highperches: do we have mastercaster?
(49:22 / Allies) MyNutUrButt.de: nope
(49:24 / Allies) MyNutUrButt.de: lost my tech
(49:30 / Allies) MyNutUrButt.de: forgot about caster
(49:31 / Allies) iggy_the_fisk: lumbo
(51:36 / Allies) MyNutUrButt.de: make shop in mid iggy
(51:58 / Allies) highperches: kill it and fastbuild it until we all have hu staves
(52:16 / Allies) MyNutUrButt.de: who wanted sobi
(52:29 / Allies) highperches: yo
(52:53 / Allies) MyNutUrButt.de: got sobi and runed bracer
(52:54 / Allies) MyNutUrButt.de: who want
(52:58 / Allies) highperches: drop sobi already noob
(53:18 / Allies) MyNutUrButt.de: no
(53:18 / Allies) MyNutUrButt.de: no
(53:19 / Allies) MyNutUrButt.de: no
(53:19 / Allies) MyNutUrButt.de: no
(53:24 / Allies) MyNutUrButt.de: we all need staff noob
(53:28 / Allies) highperches: so kill it
(53:29 / Allies) iggy_the_fisk: you are the worst
(53:30 / Allies) highperches: so we can get a new one
(53:37 / Allies) MyNutUrButt.de: w/e
(53:41 / Allies) iggy_the_fisk: lol
(53:42 / Allies) iggy_the_fisk: yeah
(53:43 / Allies) iggy_the_fisk: whatever
(54:01 / Allies) highperches: we are besieged
(54:46 / Allies) iggy_the_fisk: staff up
(54:49 / Allies) iggy_the_fisk: in fire teching
(55:23 / Allies) ChiefSitsOnDix: sending the necromancers in with the summons
(55:26 / Allies) ChiefSitsOnDix: is a good idea
(56:07 / Allies) iggy_the_fisk: ifire up
(56:23 / Allies) iggy_the_fisk: remember to reset hold position or else
(56:33 / Allies) highperches: str belt
(56:54 / Allies) MyNutUrButt.de: gay
(57:51 / Allies) highperches: get bandalar mb
(58:28 / Allies) MyNutUrButt.de: dis going well
(58:58 / Allies) MyNutUrButt.de: anybody want str
(59:11 / Allies) highperches: i just want int you know
(59:14 / Allies) MyNutUrButt.de: da arrow bitches
(59:35 / Allies) highperches: apparently being archer is a woman's job cause there are no man archers in this game
(60:26 / Allies) highperches: i want the int
(60:37 / Allies) MyNutUrButt.de: str
(60:43 / Allies) MyNutUrButt.de: damn
(60:46 / Allies) MyNutUrButt.de: more sobi and str
(60:48 / Allies) MyNutUrButt.de: i need agi
(61:00 / Allies) MyNutUrButt.de: does everybody have runed bracer
(61:05 / Allies) ChiefSitsOnDix: nope
(61:16 / Allies) highperches: all my heroes have one (1) runed braced and one (1) sobi
(61:24 / Allies) highperches: just as standard gear
(61:30 / Allies) iggy_the_fisk: hope they preparing the mother of all bumrushes
(61:31 / Allies) MyNutUrButt.de: all mine got bracer/orb/staff
(61:43 / Allies) MyNutUrButt.de: bracers here
(61:56 / Allies) highperches: nobody wants you're stupid bracers
(62:00 / Allies) MyNutUrButt.de: aybody want str or sobi.
(62:06 / Allies) ChiefSitsOnDix: this guy is serious about protecting his food supply
(62:41 / Allies) highperches: goddamn
(62:44 / Allies) MyNutUrButt.de: pwned
(62:48 / Allies) iggy_the_fisk: owned
(62:54 / Allies) iggy_the_fisk: my turn
(63:12 / Allies) MyNutUrButt.de: this gonna go
(63:22 / Allies) MyNutUrButt.de: oh well been a good run
(63:35 / Allies) highperches: is there any item that gives thorns?
(63:42 / Allies) MyNutUrButt.de: nope
(64:27 / Allies) MyNutUrButt.de: damnn
(65:27 / Allies) MyNutUrButt.de: damn why are half your tower arcane
(65:29 / Allies) ChiefSitsOnDix: how come cannon towers don't show my allies resources?
(65:37 / Allies) highperches: weird
(65:51 / Allies) MyNutUrButt.de: b/c they attack ground
(65:55 / Allies) highperches: i guess so
(67:30 / Allies) highperches: ursula snakebitch is so slow
(67:35 / Allies) highperches: shoulda gotta dr
(67:43 / Allies) MyNutUrButt.de: secret towers
(67:52 / Allies) ChiefSitsOnDix: hehe
(68:04 / Allies) iggy_the_fisk: sappers
(68:22 / Allies) iggy_the_fisk: this guy
(68:25 / Allies) iggy_the_fisk: a real sly fox
(68:35 / Allies) iggy_the_fisk: grinding us down with we and good book yes
(69:06 / Allies) ChiefSitsOnDix: level one tinker
(69:08 / Allies) ChiefSitsOnDix: guys
(69:10 / Allies) MyNutUrButt.de: shitty freaki itmes
(69:11 / Allies) ChiefSitsOnDix: we should just go home
(69:41 / Allies) highperches: agboots
(69:43 / Allies) highperches: just appeared
(69:45 / Allies) MyNutUrButt.de: ty
(70:11 / Allies) highperches: herose starting to do quite a bit of damage now
(71:51 / Allies) ChiefSitsOnDix: computer starting to choke
(71:52 / Allies) ChiefSitsOnDix: too many towers
(71:56 / Allies) MyNutUrButt.de: what
(71:58 / Allies) MyNutUrButt.de: this aint shit
(72:00 / Allies) highperches: choke
(72:01 / Allies) highperches: on dicks
(72:09 / Allies) ChiefSitsOnDix: hey I got an old computer
(72:42 / Allies) ChiefSitsOnDix: inferal stone
(72:52 / Allies) highperches: pow
(72:54 / Allies) highperches: in kisser
(73:38 / Allies) highperches: man am i losing heroes this game
(73:59 / Allies) highperches: a fernal
(73:59 / Allies) MyNutUrButt.de: p[iece
(74:34 / Allies) highperches: yeah that bloodm most likely wont get out
(74:35 / Allies) highperches: or maybe
(74:36 / Allies) iggy_the_fisk: yep
(74:40 / Allies) iggy_the_fisk: saving
(74:43 / Allies) iggy_the_fisk: check it
(75:19 / Allies) ChiefSitsOnDix: mata make wisps at expo
(75:55 / Allies) iggy_the_fisk: bm out
(76:38 / Allies) iggy_the_fisk: roll up some lum
(76:41 / Allies) highperches: damn.
(77:33 / Allies) highperches: tinks
(77:36 / Allies) highperches: i mean sapps
(79:07 / Allies) ChiefSitsOnDix: I'm gonna try to harvest all the lumber on this map
(79:16 / Allies) highperches: i'll help when i get treants
(79:29 / Allies) MyNutUrButt.de: hippo
(79:32 / Allies) highperches: i hate how there's no gloves and no claws
(80:14 / Allies) MyNutUrButt.de: brt
(80:27 / Allies) ChiefSitsOnDix: oh fags
(80:39 / Allies) iggy_the_fisk: lum
(80:57 / Allies) MyNutUrButt.de: nopoe
(81:28 / Allies) MyNutUrButt.de: sry!
(81:30 / Allies) highperches: v_v
(81:37 / Allies) highperches: agiboots
(81:38 / Allies) MyNutUrButt.de: lez go..
(82:04 / Allies) MyNutUrButt.de: fuck
(82:27 / Allies) highperches: hide panda or something
(82:51 / Allies) iggy_the_fisk: have they said a word this game
(82:56 / Allies) ChiefSitsOnDix: no
(82:57 / Allies) highperches: idonno
(83:02 / Allies) highperches: too early
(83:26 / Allies) iggy_the_fisk: human rebuilding anywya
(83:28 / Allies) iggy_the_fisk: hasn't given up
(83:30 / Allies) MyNutUrButt.de: cjhop through
(83:34 / Allies) MyNutUrButt.de: got this nigga cornered
(83:59 / Allies) ChiefSitsOnDix: choppin
(84:01 / Allies) MyNutUrButt.de: mains are out lmao
(84:37 / Allies) highperches: damn that was a nice exp
(84:44 / Allies) highperches: get bandey
(85:02 / Allies) MyNutUrButt.de: dont make they quti
(85:18 / Allies) ChiefSitsOnDix: too late
(85:18 / Allies) highperches: "oops"
(85:26 / All) MyNutUrButt.de: s
(85:29 / Allies) MyNutUrButt.de: sigh...............
(85:31 / All) iggy_the_fisk: how u doin...
(85:33 / All) ChiefSitsOnDix: 2ez
(85:35 / All) Jpv: bye bye
(85:40 / Allies) highperches: didn't get triple 6
(85:41 / All) MyNutUrButt.de: bye!!!